 Dungeon Crawl Stone Soup version 0.28-a0-258-g8de209e91f (webtiles) character file.

Game seed: 3182862690136525967

8 Gaust the Chopper (level 2, 22/22 HPs)
             Began as a Demonspawn Gladiator on Aug 27, 2021.
             Quit the game on level 1 of the Dungeon.
             The game lasted 00:03:12 (529 turns).

Gaust the Chopper (Demonspawn Gladiator)             Turns: 529, Time: 00:03:12

Health: 22/22      AC:  3    Str: 14    XL:     2   Next: 0%
Magic:  2/2        EV: 12    Int:  9    God:
Gold:   25         SH:  0    Dex: 14    Spells: 1/1 levels left

rFire   . . .      SeeInvis .   a - +0 war axe
rCold   . . .      Faith    .   (no shield)
rNeg    . . .      Spirit   .   b - +0 leather armour
rPois   .          Reflect  .   (helmet restricted)
rElec   .          Harm     .   (no cloak)
rCorr   .          Rampage  .   (no gloves)
Will    .....                   (no boots)
Stlth   +.........              (no amulet)
HPRegen 0.07/turn               (no ring)
MPRegen 0.08/turn               (no ring)

@: no status effects
A: antennae 1
a: no special abilities


You were on level 1 of the Dungeon.
You visited 1 branch of the dungeon, and saw 1 of its levels.

You collected 25 gold pieces.

Inventory:

Hand Weapons
 a - a +0 war axe (weapon)
Missiles
 d - 3 throwing nets (quivered)
 e - 30 arrows
Armour
 b - a +0 leather armour (worn)
 c - a +0 helmet
Scrolls
 g - a scroll of amnesia {unknown}
Potions
 f - a potion of curing {unknown}


   Skills:
 + Level 2.0 Fighting
 + Level 3.0 Axes
 + Level 1.7 Throwing
 + Level 0.1 Armour
 + Level 2.7 Dodging
 * Level 0.2 Spellcasting


You had one spell level left.
You didn't know any spells.
Your spell library was empty.

Dungeon Overview and Level Annotations

Branches:
Dungeon (1/15)

Altars:


Innate Abilities, Weirdness & Mutations

You have a pair of small antennae on your head.


Message History

The quokka is severely wounded.
The quokka closely misses you. The quokka barely misses you.
You hit the quokka but do no damage.
The quokka is severely wounded.
The quokka bites you.
* * * LOW HITPOINT WARNING * * *
You slash the quokka!
You kill the quokka!
You start resting.
HP restored.
You see here a bat skeleton.
You now have 25 gold pieces (gained 11).
Found a stone staircase leading down.
A frilled lizard comes into view.
The frilled lizard hisses angrily.
You miss the frilled lizard. The frilled lizard bites you.
You barely miss the frilled lizard. The frilled lizard bites you.
The frilled lizard barely misses you.
You slash the frilled lizard!
You kill the frilled lizard!
You start resting.
HP restored.
A frilled lizard comes into view.
You barely miss the frilled lizard. The frilled lizard bites you.
You hit the frilled lizard.
You kill the frilled lizard!
Found a scroll labelled PEOXIMNA MAISK and an orange potion.
Found a short sword.
Found a rapier.
f - an orange potion
g - a scroll labelled PEOXIMNA MAISK A rat comes into view.
You hit the rat but do no damage. The rat closely misses you.
You hit the rat.
You kill the rat!
You have reached level 2!
Your demonic ancestry asserts itself...
A pair of antennae grows on your head!
Your +0 helmet falls away!
Are you sure you want to abandon this character and quit the game? (Confirm with "yes".)

###############.##.#
#...............##.#
#............†..#..#
#...............#.##
#...............#.
#...............#.
###.############### #
#...##........#####.#
..........###.##@...#
...........##.##.####
...........##.##.#
...........##....#
.......)...#######
...........#
....)......#
...........#
...........#


There were no monsters in sight!

Vanquished Creatures
  A dart slug (D:1)
  A quokka (D:1)
  A ball python (D:1)
  A bat (D:1)
  2 frilled lizards (D:1)
  2 rats (D:1)
8 creatures vanquished.

Notes
Turn   | Place    | Note
-------+----------+-------------------------------------------
     0 | D:1      | Gaust the Demonspawn Gladiator began the quest for the Orb.
     0 | D:1      | Reached XP level 1. HP: 16/16 MP: 1/1
   119 | D:1      | Reached skill level 3 in Axes
   529 | D:1      | Gained mutation: You have a pair of small antennae on your
                  | head. [demonic ancestry]
   529 | D:1      | Reached XP level 2. HP: 22/22 MP: 2/2
   529 | D:1      | Quit the game

Illustrated notes

Levels and vault maps discovered:
D:1:      amcnicky_arrival_single_pillar, layout_basic, basic_ecumenical_altar

Skill      XL: |  1 |
---------------+----+-----
Axes           | 3 |  3.0
Fighting       | |  2.0
Throwing       | |  1.7
Armour         | |  0.1
Dodging        | |  2.7
Spellcasting   | |  0.2

Action                   || total
-------------------------++-------
Melee: War axe           ||    31
Armor: Leather armour    ||    16
Dodge: Dodged            ||    21

Table legend: (Time is in decaauts)
 A = Elapsed time spent in this place.
 B = Non-inter-level travel time spent in this place.
 C = Inter-level travel time spent in this place.
 D = Time resting spent in this place.
 E = Time spent auto-exploring this place.
 F = Levels seen in this place.
 G = Mean time per level.
                   A        B        C        D        E       F      G
               +--------+--------+--------+--------+--------+-----+--------+
         Total |    539 |    539 |      0 |    286 |      0 |   1 |  539.0 |
       Dungeon |    539 |    539 |      0 |    286 |      0 |   1 |  539.0 |
               +--------+--------+--------+--------+--------+-----+--------+

Top non-repeatable levels by time:
     D:1: 539 daAuts
